Zazza, lawful female dwarven Valkyrie ---- ---- ------ ------ ---- --..-------- |..| ---- ---.--.-- --.--.-- ---..-- |.....a....| |..----...- --- |.......----......-- |..)..---- --...-----.--- |..........| --.-- -. |..................----...)....| --...| |)).| ---.-----...| |...-- |.-- ---...................)).......-----.--- ---.----|...| --..| |....| ----..| ---.............................<..| --..^.--.--- ---.------..-- |....-- --........(---..-------....------- ---|.........| |........|>-- |....--- |.........--...-- |....--- |.--.........| |.|.----.|.| ---....| ---.|.......^.|...| ----.......-- |............| ----- |...-- --..|.--- |...|.------.--...|--...........| |............| |....-- |..-|...---.|...| --|...---............-- |..)..).....------ --....| |..|--......|.--- --.--|.....----.....| ---.........| |..| --...| |..| ------...| -----....-- |..|.-| ---.......---..| --..| ---- ---.--- --......| --.|..| --..........----- ---- --...| ---- |......-- --....-- |...........||..-- |....| |..---......| |......--- -..........--...| --.--- |..........-- |........| |-..............| --- --.........| |........| |......|.......-- |..--.----- --.---.--- --.|.-------.--- ------ --- --- ----- --- Zazza the Fighter Experience level: 8 Strength: 17 Dexterity: 12 Constitution: 19 Intelligence: 10 Wisdom: 9 Charisma: 9 Health: 0(102) Energy: 10(10) Def: 8 Gold: 383 Moves: 7429 Dungeon seed: WTzP4Kh_fvVyv9yH Game ID: Zazza_1528648386 Your Inventory: Coins $ - 383 gold pieces Weapons b - a +0 dagger d - 2 cursed -1 darts w - a thoroughly rusty thoroughly corroded +1 long sword (weapon in hand) L - a +2 dart Armor e - an uncursed +3 small shield (being worn) o - an uncursed +0 studded leather armor (being worn) q - an uncursed +0 dwarvish iron helm r - an uncursed +0 cloak of invisibility (being worn) A - an uncursed +0 studded leather armor Q - an uncursed +0 elven leather helm Comestibles Z - an uncursed lichen corpse Scrolls k - an uncursed scroll of food detection D - an uncursed scroll of enchant armor W - a cursed scroll of create monster Potions f - a cursed potion of fruit juice i - a cursed potion of monster detection j - a cursed potion of object detection C - a cursed potion of see invisible E - a cursed potion of sleeping F - a cursed potion of speed G - a potion of unholy water H - a cursed potion of sickness O - a cursed potion of extra healing Rings c - an uncursed ring of regeneration n - a cursed +1 ring of increase accuracy u - a cursed ring of fire resistance M - a cursed ring of levitation S - a cursed -1 ring of gain strength Wands g - a wand of light (0:12) v - a cursed wand of teleportation (0:4) V - a cursed wand of cold (0:5) Tools a - an uncursed towel h - an uncursed partly used wax candle (0:71) p - an uncursed skeleton key s - an uncursed tin whistle I - an uncursed sack J - an uncursed brass lantern (0:1124) R - a tinning kit (0:49) Spells and supernatural/magical abilities: Name Level Category Fail Memory W - pray for help -- divine ? -- Your skills at the end: Fighting Skills Weapon Skills dagger [Basic] axe [Basic] long sword [Skilled] spear [Basic] Spellcasting Skills Final Attributes: You were piously aligned. You were cold resistant. You were shock resistant. You were poison resistant. You had infravision. You were invisible. You were stealthy. You were fast. You are dead. Vanquished creatures: 5 black puddings a ghost 2 small mimics 2 leprechauns 2 giant spiders 2 housecats an ape a rope golem a Woodland-elf a fire ant 2 bugbears a wood nymph a mountain nymph a fog cloud a yellow light a violet fungus 2 gnome lords 2 guardian naga hatchlings a straw golem 2 giant ants 2 little dogs 4 floating eyes 4 kittens a dwarf a homunculus 2 kobold lords a kobold shaman 2 rothes a rabid rat a monkey 3 dwarf zombies an iguana an acid blob 7 coyotes 2 hobbits 3 manes 2 large kobolds a hobgoblin 7 giant rats 2 cave spiders a red mold 16 gnomes 2 gnome zombies 5 geckos 9 jackals 2 foxes 3 kobolds a goblin 5 sewer rats 7 grid bugs 2 lichens a kobold zombie 3 newts 137 creatures vanquished. Voluntary challenges: You used a wielded weapon 252 times, starting on turn 396. You read items or engraved 1 time, starting on turn 1524. You never genocided any monsters. You never polymorphed an object. You never changed form. You used no wishes. You split 6 puddings, starting on turn 6676. You never wrote Elbereth's name. You violated your moral code, losing 10 points of alignment, starting on turn 4656. Dungeon overview: The Dungeons of Doom: levels 1 to 4 Level 1 a long staircase Level 2 a general store stairs to The Gnomish Mines Level 3 a general store Level 4 a sink The Gnomish Mines: levels 3 to 8 Level 3 stairs to The Dungeons of Doom Level 4 Level 5 <- You were here Level 6 many shops, a temple to Loki, some fountains, some trees Level 7 Level 8 History has recorded: On T:1 you entered the Dungeons of Doom to retrieve the Amulet of Yendor! On T:418 you reached level 2 of The Dungeons of Doom. On T:658 you advanced to experience level 2. On T:723 you advanced to experience level 3. On T:858 you reached level 1 of The Gnomish Mines. On T:1129 you reached level 2 of The Gnomish Mines. On T:1498 you advanced to experience level 4. On T:1620 you reached level 3 of The Dungeons of Doom. On T:2337 you reached level 4 of The Dungeons of Doom. On T:2426 you advanced to experience level 5. On T:3119 you reached level 3 of The Gnomish Mines. On T:3443 you reached level 4 of The Gnomish Mines. On T:4095 you reached level 5 of The Gnomish Mines. On T:4255 you advanced to experience level 6. On T:4789 you reached level 6 of The Gnomish Mines. On T:5495 you advanced to experience level 7. On T:6826 you advanced to experience level 8. Score breakdown: Gold: 383 ( 8791 points) Experience: 8 levels (14739 points) Exploration: 8 levels ( 17.02%) (11702 points) Discoveries: 13 items ( 5.28%) ( 6896 points) Valuables value: (no points given unless you survive) Artifact value: 0 ( 0 points) Variety of kills: 53 monsters ( 13.91%) (11189 points) Turncount: 7429 turns (-1939 points) Survival: died (score multiplied by 80%) Total score: 41102 Latest messages: (You can name a dark potion from the item naming menu.) Your movements are now unencumbered. The fire ant misses. The fire ant bites! You're on fire! You begin praying to Tyr. You are surrounded by a shimmering light. The fire ant starts to attack you, but pulls back. (4x) You feel that Tyr is well-pleased. You hit it. The dart hits it. You hit it. The fire ant bites! (2x) You miss it. The fire ant bites! (2x) You're on fire! You die... The sack is empty. The sack is empty. Final status: Farvel Zazza the Valkyrie, killed by a fire ant... You died in The Gnomish Mines on dungeon level 5 with 41102 points, and 383 pieces of gold, after 7429 moves. You were level 8 with a maximum of 102 hit points when you died.